 Dungeon Sprint DCSS version 0.27-a0-1456-gf5a116941d (webtiles) character file.

Game seed: 13389954471578331183

154107957 mhtbhm the Minotaur Barricade (level 23, 240/240 HPs)
             Began as a Minotaur Fighter on July 6, 2021.
             Was the Champion of Trog.
             Escaped with the Orb
             ... and 17 runes on July 7, 2021!
             The game lasted 00:32:26 (11814 turns).

mhtbhm the Minotaur Barricade (Minotaur Fighter)   Turns: 11814, Time: 00:32:27

Health: 240/240    AC: 47    Str: 37      XL:     23   Next: 64%
Magic:  38/38      EV: 21    Int:  8 (11) God:    Trog [******]
Gold:   135        SH: 39    Dex: 15      Spells: 22/22 levels left

rFire    + . .     SeeInvis .   J - +10 morningstar of Calamity {vorpal, rElec Will+ Str+3 Dex+3}
rCold    + + .     Faith    .   c - +5 tower shield
rNeg     + . .     Spirit   .   b - +11 gold dragon scales
rPois    +         Reflect  +   q - +0 hat "Coxar" {rElec Regen+ Int+6 Dex-3}
rElec    +         Harm     .   E - +1 cloak
rCorr    +         Rampage  .   N - +2 pair of gloves {Stlth+}
Will     ++...     NoTele   +   n - +0 pair of boots
Stlth    +.........             x - amulet of reflection
HPRegen  1.50/turn              R - ring "Hycip" {rN+ rCorr Str+4 Dex+4}
MPRegen  0.26/turn              T - +3 ring of slaying

@: no status effects
A: horns 2, retaliatory headbutt, hooves 1, cold resistance 1
0: Orb of Zot
}: 17/17 runes: decaying, serpentine, barnacled, slimy, elven, silver, golden,
iron, obsidian, icy, bone, abyssal, glowing, magical, fiery, dark, gossamer
a: Renounce Religion, Berserk, Trog's Hand, Brothers in Arms


You escaped.
You worshipped Trog.
Trog was exalted by your worship.
You visited 1 branch You collected 1968 gold pieces.
You spent 1833 gold pieces at shops.

Inventory:

Hand Weapons
 a - a +6 morningstar of flaming
 l - the +8 demon whip "Tallamm" {flame, rElec Str+4}
   (Trog gifted it to you in the Dungeon)

   It has been specially enchanted to burn those struck by it, causing extra
   injury to most foes and up to half again as much damage against particularly
   susceptible opponents.
   Str:       It affects your strength (+4).
   rElec:     It insulates you from electricity.
 p - a +9 great sword of holy wrath
 u - a +3 vorpal eveningstar
 C - the +5 executioner's axe of Nusy {speed, Drain rN+ Int+4 Stlth+}
   (You found it in the Dungeon)

   Attacks with this weapon are significantly faster.
   Int:       It affects your intelligence (+4).
   rN:        It protects you from negative energy.
   Drain:     It drains your maximum health when unequipped.
   Stlth:     It makes you more stealthy.
 J - the +10 morningstar of Calamity (weapon) {vorpal, rElec Will+ Str+3 Dex+3}
   (Trog gifted it to you in the Dungeon)

   It inflicts extra damage upon your enemies.
   Str:       It affects your strength (+3).
   Dex:       It affects your dexterity (+3).
   rElec:     It insulates you from electricity.
   Will:      It increases your willpower.
Missiles
 o - 3 throwing nets
 s - 7 boomerangs of dispersal
 B - 34 silver javelins (quivered)
Armour
 b - +11 gold dragon scales (worn)
 c - a +5 tower shield (worn)
 n - a +0 pair of boots (worn)
 q - the +0 hat "Coxar" (worn) {rElec Regen+ Int+6 Dex-3}
   (You acquired it in the Dungeon)

   Int:       It affects your intelligence (+6).
   Dex:       It affects your dexterity (-3).
   rElec:     It insulates you from electricity.
   Regen:     It increases your rate of health regeneration.
 E - a +1 cloak (worn)
 N - a +2 pair of gloves of stealth (worn)
Jewellery
 r - an amulet of regeneration
 v - a +4 ring of protection
 x - an amulet of reflection (around neck)
 R - the ring "Hycip" (left hand) {rN+ rCorr Str+4 Dex+4}
   (You found it in the Dungeon)

   [ring of resist corrosion]

   Str:       It affects your strength (+4).
   Dex:       It affects your dexterity (+4).
   rN:        It protects you from negative energy.
   rCorr:     It protects you from acid and corrosion.
 S - the ring of the Devil's Advocate {rC- rN++ Will+ Dex+3}
   (You found it in the Dungeon)

   [ring of willpower]

   Dex:       It affects your dexterity (+3).
   rC:        It makes you vulnerable to cold.
   rN:        It greatly protects you from negative energy.
   Will:      It increases your willpower.
 T - a +3 ring of slaying (right hand)
Wands
 t - a wand of paralysis (10)
 K - a wand of acid (7)
 M - a wand of flame (13)
Scrolls
 i - 2 scrolls of enchant weapon
 j - 2 scrolls of blinking
 m - a scroll of fear
 D - a scroll of fog
 G - 2 scrolls of identify
Potions
 d - 2 potions of mutation
 e - 8 potions of curing
 f - a potion of heal wounds
 g - 3 potions of haste
 h - 9 potions of magic
 k - a potion of invisibility
 F - a potion of might
 I - 2 potions of flight
 L - a potion of lignification
Miscellaneous
 y - the horn of Geryon
 z - a box of beasts
 O - a box of beasts


   Skills:
 O Level 27 Fighting
 - Level 1.1(17.4) Short Blades
 O Level 27 Long Blades
 O Level 27 Axes
 O Level 27 Maces & Flails
 O Level 27 Polearms
 O Level 27 Staves
 O Level 27 Slings
 - Level 1.0 Bows
 - Level 1.1 Crossbows
 O Level 27 Throwing
 O Level 27 Armour
 O Level 27 Dodging
 O Level 27 Stealth
 O Level 27 Shields
 - Level 1.0 Unarmed Combat
 + Level 25.3 Invocations
 O Level 27 Evocations


You had 22 spell levels left.
You didn't know any spells.
Your spell library was empty.

Dungeon Overview and Level Annotations

Branches:
Dungeon (1/1)

Altars:
Cheibriados
Dithmenos
Elyvilon
Fedhas
Gozag
Hepliaklqana
Kikubaaqudgha
Makhleb
Nemelex Xobeh
Okawaru
Qazlal
Ru
Sif Muna
Trog
Uskayaw
Vehumet
Wu Jian
Xom
Yredelemnul
Zin
The Shining One
Beogh
Jiyva
Lugonu

Shops:
D ([**


Innate Abilities, Weirdness & Mutations

You have a pair of horns on your head.
You reflexively headbutt those who attack you in melee.
You have large cloven feet.
Your flesh is cold resistant. (rC+)


Message History

There is a hazy altar of Hepliaklqana here.
There is an opulent altar of Gozag here.
There is a blossoming altar of Fedhas here.
A blizzard demon comes into view.
There is a white marble altar of Elyvilon here.
The blizzard demon shouts!
There is a shadowy altar of Dithmenos here.
There is a snail-covered altar of Cheibriados here.
There is a roughly hewn altar of Beogh here.
You impale the blizzard demon!! You headbutt the blizzard demon.
The blizzard demon is moderately wounded.
You block the blizzard demon's attack. x2
You closely miss the blizzard demon. You headbutt the blizzard demon!
The blizzard demon is heavily wounded.
The blizzard demon gestures at you. The bolt of cold misses you.
You puncture the blizzard demon! You headbutt the blizzard demon!
The blizzard demon is severely wounded.
You hit the blizzard demon. You headbutt the blizzard demon!
The blizzard demon is almost dead.
The blizzard demon gestures at you. The bolt of cold hits you. You resist.
You puncture the blizzard demon!
You kill the blizzard demon!
Trog accepts your kill.
There is an open door to the Temple here.
A neqoxec comes into view.
The neqoxec gestures at you.
You feel dopey. Something feeds on your intellect!
There is an open door, spattered with blood here.
Things that are here:
a +0 leather armour; a +0 hand axe You perforate the neqoxec like a sieve!!!
You kill the neqoxec!
Trog accepts your kill.
There is an open door to the Dungeon here.
You see here a +0 short sword.
There is a staircase leading out of the dungeon here.
You have escaped!

.▓.▓.▓.▓.▓.▓.▓.▓.▓
.▓.▓.▓.▓.▓.▓'▓)▓.▓
.▓.▓.▓.▓.▓.▓.▓.▓.▓
.▓.▓.▓.▓.▓)▓.▓.▓.▓
.▓.▓.▓.▓.▓.▓.▓.▓)▓
)▓.▓.▓.▓.▓.▓.▓.▓.▓
)▓.▓.▓.▓.▓.▓.▓.▓.▓
.▓.▓.▓.▓.▓.▓.▓.▓.▓
...▓...▓...▓...▓@▓
▓▓▓▓▓▓▓▓▓▓▓▓▓▓▓▓▓▓


There were no monsters in sight!

Vanquished Creatures
  Cerebov (D)
  Asmodeus (D)
  the Royal Jelly (D)
  Antaeus (D)
  Gloorx Vloq (D)
  Ereshkigal (D)
  Lom Lobon (D)
  A seraph (D)
  Mnoleg (D)
  Dispater (D)
  4 ancient liches (D)
  4 orbs of fire (D)
  Mara (D)
  Mennas (D)
  6 royal mummies (D)
  Margery (D)
  Frederick (D)
  A Killer Klown (D)
  3 golden dragons (D)
  Nikola (D)
  Geryon (D)
  2 bone dragons (D)
  4 pandemonium lords (D)
  A hellephant (D)
  3 Tzitzimimeh (D)
  2 electric golems (D)
  4 tentacled monstrosities (D)
  4 liches (D)
  An Ice Fiend (D)
  A Hell Sentinel (D)
  34 Orb Guardians (D)
  3 deep elf blademasters (D)
  3 quicksilver dragons (D)
  12 sphinxes (D)
  An Executioner (D)
  2 deep elf master archers (D)
  6 acid blobs (D)
  3 death cobs (D)
  Kirke (D)
  4 tengu reavers (D)
  A storm dragon (D)
  8 shadow dragons (D)
  7 azure jellies (D)
  2 draconian monks (D)
  2 daevas (D)
  4 nagarajas (D)
  A warmonger (D)
  6 rockslimes (D)
  6 ghost moths (D)
  A draconian knight (D)
  7 vault wardens (D)
  3 emperor scorpions (D)
  A draconian shifter (D)
  Aizul (D)
  6 balrugs (D)
  A draconian scorcher (D)
  A deep elf sorcerer (D)
  2 angels (D)
  2 draconian stormcallers (D)
  2 draconian annihilators (D)
  5 ironbound preservers (D)
  2 reapers (D)
  4 quicksilver oozes (D)
  4 very ugly things (D)
  10 vampire knights (D)
  9 stone giants (D)
  3 white draconians (D)
  2 green draconians (D)
  Azrael (D)
  5 red draconians (D)
  5 yellow draconians (D)
  3 black draconians (D)
  A purple draconian (D)
  A deep elf annihilator (D)
  A bunyip (D)
  4 deep elf demonologists (D)
  2 entropy weavers (D)
  2 spark wasps (D)
  A deep elf death mage (D)
  5 ettins (D)
  2 green deaths (D)
  2 eleionomae (D)
  5 merfolk javelineers (D)
  5 fire dragons (D)
  4 mummy priests (D)
  4 blizzard demons (D)
  2 yaktaur captains (D)
  A great orb of eyes (D)
  A deep elf high priest (D)
  26 vault guards (D)
  A naga warrior (D)
  2 hell beasts (D)
  2 rakshasas (D)
  An ice dragon (D)
  An ironbound thunderhulk (D)
  2 peacekeepers (D)
  An ironbound frostheart (D)
  A spriggan air mage (D)
  10 hydras (D)
  A centaur warrior (D)
  A merfolk avatar (D)
  3 merfolk aquamancers (D)
  2 alligators (D)
  A vampire mage (D)
  A deep troll shaman (D)
  2 naga sharpshooters (D)
  5 orc high priests (D)
  2 tengu warriors (D)
  5 hell knights (D)
  7 sun demons (D)
  A soul eater (D)
  A wretched star (D)
  Nergalle (D)
  12 spriggans (D)
  A sea snake (D)
  A skeletal warrior (D)
  A torturous demonspawn (D)
  A goliath frog (D)
  2 glowing orange brains (D)
  A shadow demon (D)
  8 swamp dragons (D)
  2 infernal demonspawn (D)
  A lindwurm (shapeshifter) (D)
  2 ironbound convokers (D)
  2 necromancers (D)
  2 wizards (D)
  2 orb spiders (D)
  5 orc knights (D)
  2 ugly things (D)
  A cyclops (D)
  2 wolf spiders (D)
  A faun (shapeshifter) (D)
  2 orc sorcerers (D)
  7 moths of wrath (D)
  3 manticores (D)
  An elephant (D)
  Maurice (D)
  4 black mambas (D)
  5 guardian serpents (D)
  A vault sentinel (D)
  4 cane toads (D)
  4 naga magi (D)
  An unseen horror (D)
  3 orange demons (D)
  2 smoke demons (D)
  2 efreet (D)
  2 komodo dragons (D)
  2 demonic crawlers (D)
  A freezing wraith (D)
  2 hellwings (D)
  A yaktaur (D)
  18 guardian mummies (D)
  An ice devil (D)
  7 red devils (D)
  A wandering mushroom (D)
  A troll (D)
  A tyrant leech (shapeshifter) (D)
  A hornet (D)
  7 merfolk (D)
  2 jumping spiders (D)
  A slime creature (D)
  A raiju (D)
  A spriggan (shapeshifter) (D)
  3 redbacks (D)
  A ynoxinul (D)
  A tarantella (D)
  A tarantella (shapeshifter) (D)
  A water elemental (D)
  A vampire (D)
  A wyvern (D)
  Eustachio (D)
  3 yaks (D)
  A fire elemental (D)
  3 hogs (D)
  9 golden eyes (D)
  2 neqoxecs (D)
  3 wargs (D)
  6 large abominations (D)
  A steam dragon (D)
  3 nagas (D)
  A water moccasin (D)
  An acid dragon (D)
  A floating eye (D)
  7 hell hounds (D)
  14 orc warriors (D)
  A black bear (D)
  A necrophage (D)
  A centaur (D)
  A small abomination (D)
  A wolf (D)
  2 bullfrogs (D)
  A howler monkey (D)
  A hound (D)
  2 orc priests (D)
  2 orc wizards (D)
  An adder skeleton (D)
  11 orcs (D)
  2 endoplasms (D)
  A giant cockroach (D)
  A ball python zombie (D)
  A giant cockroach zombie (D)
  A kobold (D)
  A rat (D)
601 creatures vanquished.

Vanquished Creatures (collateral kills)
  Sojobo (D)
  A very ugly thing (D)
  A stone giant (D)
  A great orb of eyes (D)
  A tengu warrior (D)
5 creatures vanquished.

Vanquished Creatures (others)
  Ilsuiw (D)
  A deep elf annihilator (D)
  A wizard (D)
  3 humans (D)
  A white imp (D)
  3 ball lightnings (D)
10 creatures vanquished.

Grand Total: 616 creatures vanquished

Notes
Turn   | Place    | Note
-------+----------+-------------------------------------------
     0 | D        | mhtbhm the Minotaur Fighter began the quest for the Orb.
     0 | D        | Reached XP level 1. HP: 19/19 MP: 0/0
    16 | D        | Noticed a hound
    16 | D        | Noticed a necrophage
    26 | D        | Killed a necrophage
    27 | D        | Reached XP level 2. HP: 29/31 MP: 1/1
    27 | D        | Reached XP level 3. HP: 36/38 MP: 2/2
    27 | D        | Reached XP level 4. HP: 43/45 MP: 3/3
    44 | D        | Found a snail-covered altar of Cheibriados.
    44 | D        | Found a shadowy altar of Dithmenos.
    44 | D        | Found a white marble altar of Elyvilon.
    44 | D        | Found a blossoming altar of Fedhas.
    44 | D        | Found an opulent altar of Gozag.
    45 | D        | Found a hazy altar of Hepliaklqana.
    46 | D        | Found a viscous altar of Jiyva.
    47 | D        | Found an ancient bone altar of Kikubaaqudgha.
    48 | D        | Found a corrupted altar of Lugonu.
    49 | D        | Found a burning altar of Makhleb.
    50 | D        | Found a sparkling altar of Nemelex Xobeh.
    51 | D        | Found an iron altar of Okawaru.
    52 | D        | Found a stormy altar of Qazlal.
    53 | D        | Found a sacrificial altar of Ru.
    54 | D        | Found a shimmering blue altar of Sif Muna.
    55 | D        | Found a bloodstained altar of Trog.
    56 | D        | Found a hide-covered altar of Uskayaw.
    57 | D        | Found a radiant altar of Vehumet.
    58 | D        | Found an ornate altar of the Wu Jian Council.
    59 | D        | Found a shimmering altar of Xom.
    60 | D        | Found a basalt altar of Yredelemnul.
    61 | D        | Found a glowing silver altar of Zin.
    62 | D        | Found a glowing golden altar of the Shining One.
    71 | D        | Became a worshipper of Trog the Wrathful
   126 | D        | Noticed a centaur
   126 | D        | Noticed a yak
   126 | D        | Noticed a steam dragon
   132 | D        | Reached skill level 5 in Maces & Flails
   132 | D        | Reached skill level 1 in Dodging
   132 | D        | Reached XP level 5. HP: 22/52 MP: 4/4
   137 | D        | Killed a steam dragon
   137 | D        | Reached * piety under Trog
   138 | D        | Reached XP level 6. HP: 62/62 MP: 5/5
   139 | D        | Killed a yak
   140 | D        | Reached skill level 10 in Shields
   143 | D        | Reached XP level 7. HP: 70/70 MP: 6/6
   143 | D        | Reached ** piety under Trog
   231 | D        | Noticed a red ugly thing
   231 | D        | Noticed a troll
   231 | D        | Noticed a vampire
   231 | D        | Noticed a polar bear
   231 | D        | Noticed an efreet
   231 | D        | Noticed a tarantella
   231 | D        | a polar bear changed into a tarantella
   237 | D        | Killed an efreet
   238 | D        | Reached skill level 10 in Fighting
   238 | D        | Reached skill level 10 in Armour
   238 | D        | Killed a tarantella
   244 | D        | Killed a vampire
   244 | D        | Reached *** piety under Trog
   258 | D        | Killed an unseen horror
   259 | D        | Reached skill level 10 in Maces & Flails
   259 | D        | Reached XP level 8. HP: 39/81 MP: 7/7
   259 | D        | Killed a troll
   260 | D        | Killed a red ugly thing
   261 | D        | Reached skill level 1 in Evocations
   557 | D        | Noticed a komodo dragon
   560 | D        | Noticed a cane toad
   567 | D        | Noticed a four-headed hydra
   569 | D        | Killed a komodo dragon
   569 | D        | Reached **** piety under Trog
   570 | D        | Reached XP level 9. HP: 59/89 MP: 8/8
   817 | D        | Killed a four-headed hydra
   817 | D        | Reached ***** piety under Trog
   818 | D        | Reached skill level 5 in Dodging
   827 | D        | Killed a cane toad
   915 | D        | Noticed a cane toad
   915 | D        | Noticed a seven-headed hydra
   915 | D        | Noticed an elephant
   915 | D        | Noticed a black mamba
   915 | D        | Noticed a five-headed hydra
   919 | D        | Killed a five-headed hydra
   920 | D        | Reached XP level 10. HP: 99/99 MP: 9/9
   921 | D        | Killed a black mamba
   921 | D        | Noticed a cane toad
   924 | D        | Noticed a cane toad
   931 | D        | Killed an elephant
   932 | D        | Reached skill level 15 in Shields
   939 | D        | Killed a seven-headed hydra
   939 | D        | Reached ****** piety under Trog
   941 | D        | Killed a cane toad
   942 | D        | Reached skill level 15 in Maces & Flails
   945 | D        | Killed a cane toad
   947 | D        | Killed a cane toad
   947 | D        | Received a gift from Trog
  1086 | D        | Reached skill level 15 in Armour
  1099 | D        | Received a gift from Trog
  1110 | D        | Reached XP level 11. HP: 108/108 MP: 3/10
  1186 | D        | Noticed Eustachio
  1188 | D        | Noticed Maurice
  1209 | D        | Killed Eustachio
  1212 | D        | Killed Maurice
  1378 | D        | Received a gift from Trog
  1383 | D        | Noticed a stone giant
  1396 | D        | Killed a stone giant
  1396 | D        | Received a gift from Trog
  1460 | D        | Noticed an orc sorcerer
  1460 | D        | Noticed an orc knight
  1470 | D        | Killed an orc knight
  1475 | D        | Paralysed by an orc sorcerer for 2 turns
  1480 | D        | Killed an orc sorcerer
  1480 | D        | Received a gift from Trog
  1489 | D        | Reached skill level 15 in Fighting
  1497 | D        | Received a gift from Trog
  1581 | D        | Found Cemep's General Store.
  1581 | D        | Noticed an orc knight
  1581 | D        | Noticed an orc high priest
  1581 | D        | Noticed an orc knight
  1583 | D        | Noticed an orc sorcerer
  1594 | D        | Killed an orc knight
  1595 | D        | Found Jibryqya's Assorted Antiques.
  1597 | D        | Noticed an orc high priest
  1600 | D        | Killed an orc high priest
  1601 | D        | Found Qeymnog's Armour Boutique.
  1607 | D        | Killed an orc knight
  1610 | D        | Killed an orc sorcerer
  1610 | D        | Received a gift from Trog
  1616 | D        | Noticed an orc high priest
  1617 | D        | Killed an orc high priest
  1618 | D        | Found Ilepofet's Weapon Shop.
  1620 | D        | Noticed an orc high priest
  1621 | D        | Noticed an orc high priest
  1630 | D        | Killed an orc high priest
  1630 | D        | Killed an orc high priest
  1631 | D        | Killed an orc high priest
  1631 | D        | Received a gift from Trog
  1632 | D        | Reached XP level 12. HP: 47/124 MP: 11/11
  1889 | D        | Bought a glowing hat for 154 gold pieces
  1896 | D        | Bought a potion of resistance for 120 gold pieces
  1896 | D        | Bought an amulet of reflection for 360 gold pieces
  1910 | D        | Bought a tiny lapis lazuli amulet for 110 gold pieces
  1910 | D        | Bought a box of beasts for 880 gold pieces
  1910 | D        | Bought a scroll labelled UJAOXIZUGG for 22 gold pieces
  1910 | D        | Bought a scroll labelled BAEHOC YDAIRUEQAS for 22 gold
                  | pieces
  1910 | D        | Bought a scroll of enchant armour for 165 gold pieces
  1917 | D        | Acquired the +0 hat "Coxar" {rElec Regen+ Int+6 Dex-3}
  2128 | D        | Noticed a tengu warrior
  2140 | D        | Noticed a centaur warrior
  2145 | D        | Noticed a great orb of eyes
  2154 | D        | Killed a tengu warrior
  2156 | D        | Received a gift from Trog
  2163 | D        | Killed a centaur warrior
  2168 | D        | Killed a great orb of eyes
  2269 | D        | Noticed an ettin
  2270 | D        | Noticed a red very ugly thing
  2271 | D        | Noticed a brown very ugly thing
  2272 | D        | Noticed a tengu reaver
  2275 | D        | Killed an ettin
  2275 | D        | Noticed a purple very ugly thing
  2289 | D        | Killed a red very ugly thing
  2293 | D        | Killed a white very ugly thing
  2313 | D        | Killed a tengu reaver
  2313 | D        | Received a gift from Trog
  2317 | D        | Killed a purple very ugly thing
  2471 | D        | Noticed a naga warrior
  2483 | D        | Killed a naga warrior
  2489 | D        | Received a gift from Trog
  2492 | D        | Reached XP level 13. HP: 100/136 MP: 12/12
  2505 | D        | Received a gift from Trog
  2561 | D        | Noticed an eleionoma
  2561 | D        | Noticed a bunyip
  2561 | D        | Noticed an eleionoma
  2566 | D        | Killed an eleionoma
  2580 | D        | Killed an eleionoma
  2583 | D        | Killed a bunyip
  2586 | D        | Received a gift from Trog
  2637 | D        | Noticed an entropy weaver
  2641 | D        | Identified the +11 dire flail of a Labyrinth {flame, *Rage
                  | rN+ Will+} (Trog gifted it to you in the Dungeon)
  2641 | D        | Received a gift from Trog
  2652 | D        | Killed an entropy weaver
  2708 | D        | Received a gift from Trog
  2730 | D        | Identified the +1 morningstar of Ambiguity {vorpal, rPois
                  | rF+ Dex+3} (Trog gifted it to you in the Dungeon)
  2730 | D        | Received a gift from Trog
  2947 | D        | Noticed a stone giant
  2947 | D        | Noticed an ettin
  2947 | D        | Noticed a stone giant
  2948 | D        | Noticed a stone giant
  2955 | D        | Killed a stone giant
  2960 | D        | Noticed a fire dragon
  2962 | D        | Killed an ettin
  2965 | D        | Received a gift from Trog
  2970 | D        | Noticed a spark wasp
  2975 | D        | Killed a stone giant
  2983 | D        | Killed a stone giant
  2984 | D        | Reached XP level 14. HP: 138/149 MP: 13/13
  2989 | D        | Noticed a stone giant
  2991 | D        | Identified the +8 demon whip "Tallamm" {flame, rElec Str+4}
                  | (Trog gifted it to you in the Dungeon)
  2991 | D        | Received a gift from Trog
  3003 | D        | Killed a stone giant
  3031 | D        | Received a gift from Trog
  3068 | D        | Noticed a stone giant
  3068 | D        | Noticed a stone giant
  3076 | D        | Killed a stone giant
  3079 | D        | Killed a stone giant
  3080 | D        | Reached skill level 5 in Evocations
  3084 | D        | Noticed an ironbound preserver
  3084 | D        | Noticed an ironbound preserver
  3094 | D        | Noticed an ironbound preserver
  3096 | D        | Killed an ironbound preserver
  3097 | D        | Noticed an ironbound preserver
  3105 | D        | Received a gift from Trog
  3109 | D        | Killed an ironbound preserver
  3116 | D        | Killed an ironbound preserver
  3125 | D        | Received a gift from Trog
  3125 | D        | Killed an ironbound preserver
  3126 | D        | Noticed an ironbound preserver
  3136 | D        | Received a gift from Trog
  3147 | D        | Killed an ironbound preserver
  3151 | D        | Received a gift from Trog
  3275 | D        | Noticed a vault warden
  3278 | D        | Noticed a vault warden
  3288 | D        | Killed a vault warden
  3303 | D        | Noticed a white draconian stormcaller
  3320 | D        | Killed a vault warden
  3323 | D        | Received a gift from Trog
  3329 | D        | Killed a white draconian stormcaller
  3393 | D        | Noticed Margery
  3408 | D        | Noticed Azrael
  3413 | D        | Killed Margery
  3413 | D        | Received a gift from Trog
  3414 | D        | Reached skill level 27 in Shields
  3414 | D        | Reached XP level 15. HP: 165/165 MP: 14/14
  3439 | D        | Received a gift from Trog
  3447 | D        | Killed Azrael
  3538 | D        | Noticed Kirke
  3542 | D        | Received a gift from Trog
  3546 | D        | Noticed Nikola
  3551 | D        | Killed Kirke
  3567 | D        | Noticed Mennas
  3576 | D        | Killed Nikola
  3611 | D        | Killed Mennas
  3611 | D        | Received a gift from Trog
  3869 | D        | Noticed a tengu reaver
  3869 | D        | Noticed Sojobo
  3870 | D        | Noticed a tengu reaver
  3887 | D        | Killed a tengu reaver
  3918 | D        | Killed Sojobo
  3924 | D        | Killed a tengu reaver
  3924 | D        | Received a gift from Trog
  4075 | D        | Killed a ghost moth
  4099 | D        | Killed a ghost moth
  4108 | D        | Killed a ghost moth
  4115 | D        | Killed a ghost moth
  4132 | D        | Received a gift from Trog
  4151 | D        | Got a gossamer rune of Zot
  4195 | D        | Reached skill level 27 in Maces & Flails
  4206 | D        | Received a gift from Trog
  4213 | D        | Reached skill level 27 in Fighting
  4218 | D        | Reached XP level 16. HP: 183/183 MP: 11/15
  4226 | D        | Received a gift from Trog
  4232 | D        | Got a decaying rune of Zot
  4266 | D        | Noticed Ilsuiw
  4293 | D        | Killed Ilsuiw
  4313 | D        | Received a gift from Trog
  4348 | D        | Received a gift from Trog
  4357 | D        | Got a barnacled rune of Zot
  4422 | D        | Reached skill level 1 in Throwing
  4435 | D        | Received a gift from Trog
  4440 | D        | Reached skill level 5 in Throwing
  4453 | D        | Received a gift from Trog
  4461 | D        | Received a gift from Trog
  4471 | D        | Got a serpentine rune of Zot
  4519 | D        | Noticed Frederick
  4540 | D        | Killed Frederick
  4541 | D        | Reached skill level 10 in Throwing
  4637 | D        | Received a gift from Trog
  4679 | D        | Reached skill level 27 in Armour
  4686 | D        | Identified the +10 morningstar of Calamity {vorpal, rElec
                  | Will+ Str+3 Dex+3} (Trog gifted it to you in the Dungeon)
  4686 | D        | Received a gift from Trog
  4743 | D        | Received a gift from Trog
  4744 | D        | Reached skill level 15 in Throwing
  4780 | D        | Received a gift from Trog
  4819 | D        | Noticed a shadow dragon
  4820 | D        | Received a gift from Trog
  4823 | D        | Reached XP level 17. HP: 191/191 MP: 16/16
  4837 | D        | Received a gift from Trog
  4852 | D        | Received a gift from Trog
  4988 | D        | Noticed a tentacled monstrosity
  4988 | D        | Noticed an ancient lich
  4990 | D        | Noticed a quicksilver dragon
  4992 | D        | Killed a tentacled monstrosity
  4992 | D        | Received a gift from Trog
  4999 | D        | Killed an ancient lich
  5010 | D        | Killed a quicksilver dragon
  5010 | D        | Received a gift from Trog
  5036 | D        | Got a silver rune of Zot
  5144 | D        | Noticed Nergalle
  5154 | D        | Killed Nergalle
  5180 | D        | Got the amulet "Lorchuh" {Faith Will+}
  5182 | D        | Got the ring "Hycip" {rN+ rCorr Str+4 Dex+4}
  5184 | D        | Got the ring of the Devil's Advocate {rC- rN++ Will+ Dex+3}
  5188 | D        | Got the amulet "Tyhyi" {Spirit rCorr}
  5211 | D        | Got the +5 executioner's axe of Nusy {speed, Drain rN+
                  | Int+4 Stlth+}
  5329 | D        | Noticed Mara
  5339 | D        | Noticed mhtbhm's illusion
  5347 | D        | Killed Mara
  5399 | D        | Noticed Aizul
  5408 | D        | Killed Aizul
  5490 | D        | Noticed a golden dragon
  5494 | D        | Killed a golden dragon
  5494 | D        | Received a gift from Trog
  5495 | D        | Reached skill level 27 in Throwing
  5495 | D        | Reached skill level 10 in Evocations
  5505 | D        | Paralysed by something for 2 turns
  5516 | D        | Identified the +7 mace "Geceredowa" {antimagic, rF+ Str+3
                  | Dex+2 SInv} (Trog gifted it to you in the Dungeon)
  5516 | D        | Received a gift from Trog
  5533 | D        | Noticed a bone dragon
  5533 | D        | Noticed a bone dragon
  5540 | D        | Killed a bone dragon
  5542 | D        | Noticed a golden dragon
  5544 | D        | Killed a bone dragon
  5545 | D        | Reached skill level 15 in Evocations
  5546 | D        | Reached XP level 18. HP: 200/200 MP: 17/17
  5551 | D        | Killed a golden dragon
  5557 | D        | Received a gift from Trog
  5735 | D        | Received a gift from Trog
  5834 | D        | Noticed a tentacled monstrosity
  5834 | D        | Noticed a tentacled monstrosity
  5836 | D        | Killed a tentacled monstrosity
  5844 | D        | Killed a tentacled monstrosity
  5943 | D        | Received a gift from Trog
  5969 | D        | Received a gift from Trog
  5995 | D        | Noticed a golden dragon
  6001 | D        | Noticed a tentacled monstrosity
  6005 | D        | Killed a golden dragon
  6015 | D        | Reached skill level 10 in Stealth
  6022 | D        | Killed a tentacled monstrosity
  6025 | D        | Received a gift from Trog
  6207 | D        | Noticed an Orb Guardian
  6207 | D        | Noticed an Orb Guardian
  6207 | D        | Noticed an Orb Guardian
  6207 | D        | Noticed an Orb Guardian
  6207 | D        | Noticed an Orb Guardian
  6207 | D        | Noticed an Orb Guardian
  6213 | D        | Killed an Orb Guardian
  6215 | D        | Noticed an Orb Guardian
  6217 | D        | Killed an Orb Guardian
  6218 | D        | Reached skill level 15 in Stealth
  6221 | D        | Killed an Orb Guardian
  6228 | D        | Killed an Orb Guardian
  6228 | D        | Received a gift from Trog
  6235 | D        | Killed an Orb Guardian
  6239 | D        | Killed an Orb Guardian
  6243 | D        | Killed an Orb Guardian
  6244 | D        | Reached XP level 19. HP: 207/207 MP: 18/18
  6385 | D        | Received a gift from Trog
  6510 | D        | Noticed an ancient lich
  6518 | D        | Killed an ancient lich
  6518 | D        | Received a gift from Trog
  6520 | D        | Noticed an orb of fire
  6520 | D        | Gained mutation: You sometimes lose the ability to read
                  | scrolls when taking damage. [an orb of fire]
  6520 | D        | Gained mutation: Potions are less effective at restoring
                  | your health. [an orb of fire]
  6525 | D        | Gained mutation: You occasionally shout uncontrollably at
                  | your foes. [an orb of fire]
  6528 | D        | Killed an orb of fire
  6667 | D        | Lost mutation: You sometimes lose the ability to read
                  | scrolls when taking damage. [potion of mutation]
  6667 | D        | Lost mutation: Potions are less effective at restoring your
                  | health. [potion of mutation]
  6667 | D        | Lost mutation: You occasionally shout uncontrollably at
                  | your foes. [potion of mutation]
  6667 | D        | Gained mutation: Your flesh is cold resistant. (rC+)
                  | [potion of mutation]
  6667 | D        | Gained mutation: You have large cloven feet. [potion of
                  | mutation]
  6672 | D        | Noticed an electric golem
  6674 | D        | Killed an electric golem
  6676 | D        | Noticed an ancient lich
  6676 | D        | Noticed an orb of fire
  6676 | D        | Noticed an orb of fire
  6676 | D        | Noticed an ancient lich
  6681 | D        | Killed an ancient lich
  6681 | D        | Received a gift from Trog
  6681 | D        | Noticed an orb of fire
  6682 | D        | Killed an ancient lich
  6682 | D        | Killed an orb of fire
  6683 | D        | Reached skill level 27 in Stealth
  6686 | D        | Noticed an electric golem
  6691 | D        | Killed an orb of fire
  6691 | D        | Received a gift from Trog
  6696 | D        | Killed an orb of fire
  6706 | D        | Killed an electric golem
  6707 | D        | Reached skill level 27 in Evocations
  6708 | D        | Noticed a Killer Klown
  6711 | D        | Reached skill level 1 in Short Blades
  6711 | D        | Reached skill level 1 in Long Blades
  6711 | D        | Reached skill level 1 in Axes
  6711 | D        | Reached skill level 1 in Polearms
  6711 | D        | Reached skill level 1 in Staves
  6711 | D        | Reached skill level 1 in Slings
  6711 | D        | Reached skill level 1 in Bows
  6711 | D        | Reached skill level 1 in Crossbows
  6711 | D        | Reached skill level 1 in Unarmed Combat
  6722 | D        | Killed a Killer Klown
  6723 | D        | Reached XP level 20. HP: 183/216 MP: 19/19
  6729 | D        | Reached skill level 10 in Long Blades
  6749 | D        | Identified the +9 scimitar of the Median {vorpal, Int-5
                  | Dex+5} (Trog gifted it to you in the Dungeon)
  6749 | D        | Received a gift from Trog
  6911 | D        | Reached skill level 15 in Long Blades
  6911 | D        | Received a gift from Trog
  6932 | D        | Reached skill level 5 in Axes
  7034 | D        | Identified the +7 short sword of Suicidal Tendencies
                  | {flame, rElec rF+++ Dex-3 SInv} (Trog gifted it to you in
                  | the Dungeon)
  7034 | D        | Received a gift from Trog
  7035 | D        | Reached skill level 5 in Staves
  7035 | D        | Reached skill level 10 in Dodging
  7036 | D        | Reached skill level 5 in Polearms
  7036 | D        | Received a gift from Trog
  7042 | D        | Reached skill level 5 in Slings
  7042 | D        | Received a gift from Trog
  7152 | D        | Received a gift from Trog
  7169 | D        | Received a gift from Trog
  7275 | D        | Reached skill level 27 in Long Blades
  7291 | D        | Received a gift from Trog
  7315 | D        | Received a gift from Trog
  7317 | D        | Reached skill level 10 in Axes
  7323 | D        | Got an elven rune of Zot
  7379 | D        | Received a gift from Trog
  7380 | D        | Reached skill level 10 in Polearms
  7380 | D        | Reached skill level 10 in Staves
  7381 | D        | Reached skill level 10 in Slings
  7403 | D        | Noticed the Royal Jelly
  7409 | D        | Killed the Royal Jelly
  7410 | D        | Reached skill level 15 in Dodging
  7410 | D        | Reached XP level 21. HP: 224/224 MP: 20/20
  7434 | D        | Reached skill level 15 in Axes
  7446 | D        | Reached skill level 15 in Staves
  7460 | D        | Got a slimy rune of Zot
  7560 | D        | Received a gift from Trog
  7561 | D        | Reached skill level 15 in Polearms
  7565 | D        | Received a gift from Trog
  7573 | D        | Reached skill level 15 in Slings
  7587 | D        | Received a gift from Trog
  7639 | D        | Received a gift from Trog
  7675 | D        | Received a gift from Trog
  7828 | D        | Noticed a royal mummy
  7828 | D        | Noticed a royal mummy
  7828 | D        | Noticed a royal mummy
  7828 | D        | Noticed a royal mummy
  7831 | D        | Killed a royal mummy
  7831 | D        | Received a gift from Trog
  7832 | D        | Noticed a royal mummy
  7833 | D        | Killed a royal mummy
  7834 | D        | Noticed a royal mummy
  7835 | D        | Killed a royal mummy
  7842 | D        | Killed a royal mummy
  7842 | D        | Received a gift from Trog
  7847 | D        | Killed a royal mummy
  7851 | D        | Killed a royal mummy
  7972 | D        | Got a golden rune of Zot
  7977 | D        | Received a gift from Trog
  7982 | D        | Received a gift from Trog
  7998 | D        | Got an abyssal rune of Zot
  8142 | D        | Noticed Geryon
  8153 | D        | Killed Geryon
  8157 | D        | Noticed Gloorx Vloq
  8157 | D        | Noticed Ereshkigal
  8158 | D        | Found the +7 sceptre of Asmodeus
  8158 | D        | Noticed Asmodeus
  8167 | D        | Killed Gloorx Vloq
  8180 | D        | Killed Ereshkigal
  8181 | D        | Reached XP level 22. HP: 134/233 MP: 21/21
  8192 | D        | Killed Asmodeus
  8192 | D        | Received a gift from Trog
  8473 | D        | Got a bone rune of Zot
  8475 | D        | Noticed Antaeus
  8480 | D        | Found the +4 staff of Dispater
  8480 | D        | Noticed Dispater
  8482 | D        | Found the +6 sword of Cerebov {flame}
  8482 | D        | Noticed Cerebov
  8749 | D        | Killed Dispater
  9008 | D        | Killed Antaeus
  9035 | D        | Killed Cerebov
  9149 | D        | Got a dark rune of Zot
  9154 | D        | Got an obsidian rune of Zot
  9158 | D        | Got an icy rune of Zot
  9161 | D        | Noticed Lom Lobon
  9172 | D        | Noticed Mnoleg
  9180 | D        | Killed Lom Lobon
  9180 | D        | Killed Mnoleg
  9185 | D        | Got an iron rune of Zot
  9189 | D        | Got a fiery rune of Zot
  9193 | D        | Got a magical rune of Zot
  9197 | D        | Got a glowing rune of Zot
  9623 | D        | Got the Orb of Zot
  9833 | D        | Received a gift from Trog
  9938 | D        | Received a gift from Trog
 10180 | D        | Identified the +7 war axe of Putrescence {antimagic, Str+4}
                  | (Trog gifted it to you in the Dungeon)
 10180 | D        | Received a gift from Trog
 10383 | D        | Noticed Pimel the pandemonium lord
 10395 | D        | Killed Pimel the pandemonium lord
 10406 | D        | Received a gift from Trog
 10506 | D        | Noticed Rughy the pandemonium lord
 10525 | D        | Killed Rughy the pandemonium lord
 10526 | D        | Reached skill level 27 in Axes
 10526 | D        | Reached skill level 27 in Polearms
 10526 | D        | Reached skill level 27 in Staves
 10526 | D        | Reached XP level 23. HP: 210/240 MP: 22/22
 10688 | D        | Received a gift from Trog
 10717 | D        | Reached skill level 27 in Dodging
 10754 | D        | Noticed Ziasasac the pandemonium lord
 10766 | D        | Received a gift from Trog
 10767 | D        | Reached skill level 27 in Slings
 10771 | D        | Killed Ziasasac the pandemonium lord
 10931 | D        | Received a gift from Trog
 10932 | D        | Reached skill level 15 in Invocations
 11015 | D        | Noticed Ulucuar the pandemonium lord
 11036 | D        | Killed Ulucuar the pandemonium lord
 11039 | D        | Identified the +1 hand axe "Exzacwam" {vorpal, rElec rC-
                  | Will++ Dex-2} (Trog gifted it to you in the Dungeon)
 11039 | D        | Received a gift from Trog
 11204 | D        | Received a gift from Trog
 11308 | D        | Noticed a seraph
 11329 | D        | Killed a seraph
 11334 | D        | Received a gift from Trog
 11665 | D        | Received a gift from Trog
 11814 | D        | Escaped with the Orb!

Illustrated notes

Levels and vault maps discovered:
D:        linesprint [early_d, line_temple, items_1, d_10, items_2, lair_1,
          lair_end, items_3, orc_1, orc_end, items_4, d_15, swamp_1, shoals_1,
          snake_1, spider_1, d_20, vaults_1, items_5, swamp_end, shoals_end,
          snake_end, spider_end, vaults_end, d_27, items_6, zot_1, zot_end,
          crypt_end, forest_end, elf_end, slime_end, tomb_end, abyss_end,
          pan_hell_end]

Skill      XL: |  1  2  3  4  5  6  7  8  9 10 11 12 13 14 15 16 17 18 19 20 21 22 23 |
---------------+----------------------------------------------------------------------+-----
Fighting       | 6 7 8 9 10 11 12 13 16 18 20 23 27 | 27.0
Armour         | 6 7 8 9 11 12 13 15 16 18 19 22 27 | 27.0
Shields        | 6 8 9 10 12 13 14 16 18 20 24 27 | 27.0
Maces & Flails | 4 5 6 8 10 11 14 15 18 20 21 23 27 | 27.0
Dodging        | 1 2 3 4 5 6 7 8 9 15 21 26 27 | 27.0
Evocations     | 1 2 3 4 5 7 15 23 27 | 27.0
Throwing       | 18 27 | 27.0
Stealth        | 18 27 | 27.0
Short Blades   | 1 |  1.1
Long Blades    | 8 27 | 27.0
Axes           | 2 14 22 27 | 27.0
Polearms       | 1 14 21 27 | 27.0
Staves         | 1 14 21 27 | 27.0
Slings         | 1 13 20 25 27 | 27.0
Bows           | 1 |  1.0
Crossbows      | 1 |  1.1
Unarmed Combat | 1 |  1.0
Invocations    | 25 | 25.3

Action                   |  1- 3 |  4- 6 |  7- 9 | 10-12 | 13-15 | 16-18 | 19-21 | 22-24 || total
-------------------------+-------+-------+-------+-------+-------+-------+-------+-------++-------
Melee: Flail             |    16 |    24 |    76 |    63 |       |       |       |       ||   179
       Headbutt          |     7 |     4 |    17 |    60 |   143 |   156 |    88 |   180 ||   655
       Morningstar       |       |       |       |   207 |   162 |   311 |   285 |   414 ||  1379
       Demon whip        |       |       |       |       |   350 |   208 |       |       ||   558
Throw: Javelin           |       |       |       |       |       |    31 |    77 |    20 ||   128
Invok: Berserk           |       |       |     4 |     8 |    11 |     9 |     4 |     5 ||    41
       Brothers in Arms  |       |       |       |     1 |     3 |       |     1 |     1 ||     6
       Trog's Hand       |       |       |       |       |       |       |     1 |     4 ||     5
Evoke: Wand              |       |       |     4 |     4 |     2 |       |       |       ||    10
       Box of beasts     |       |       |       |       |     1 |       |       |       ||     1
  Use: Potion            |       |     2 |       |     3 |     7 |       |    10 |    13 ||    35
       Scroll            |       |       |     1 |     4 |     1 |    19 |       |     4 ||    29
 Stab: Sleeping          |       |       |       |       |       |       |     3 |       ||     3
       Distracted        |       |       |       |       |       |       |     1 |       ||     1
Armor: Scale mail        |     4 |     4 |       |       |       |       |       |       ||     8
       Chain mail        |       |     4 |    17 |       |       |       |       |       ||    21
       Plate armour      |       |       |    18 |    61 |    63 |       |       |       ||   142
       Gold dragon scale |       |       |       |       |    49 |    62 |    45 |    64 ||   220
Dodge: Dodged            |     2 |     4 |    10 |    44 |    34 |    28 |    28 |    43 ||   193
Block: Kite shield       |     8 |    16 |    30 |    79 |       |       |       |       ||   133
       Tower shield      |       |       |       |    83 |   409 |   387 |   237 |   345 ||  1461
       Reflection        |       |       |       |       |     8 |    14 |     3 |    13 ||    38

Table legend: (Time is in decaauts) A = Elapsed time spent in this place. B = Non-inter-level travel time spent in this place. C = Inter-level travel time spent in this place. D = Time resting spent in this place. E = Time spent auto-exploring this place. F = Levels seen in this place. G = Mean time per level. A B C D E F G +--------+--------+--------+--------+--------+-----+--------+ Total | 11343 | 10941 | 402 | 3971 | 1552 | 1 | 11343.0 | Dungeon | 11343 | 10941 | 402 | 3971 | 1552 | 1 | 11343.0 | +--------+--------+--------+--------+--------+-----+--------+

Top non-repeatable levels by time:
       D: 11343 daAuts
